 Dungeon Crawl Stone Soup version 0.18-a0-1157-g59db91b (webtiles) character file.

20 namelastname112 the Skirmisher (level 2, 0/30 HPs)
             Began as a Draconian Wanderer on Jan 23, 2016.
             Was an Initiate of Pakellas.
             Slain by an orc priest (4 damage)
             ... on level 2 of the Dungeon.
             The game lasted 00:01:23 (1163 turns).

namelastname112 the Skirmisher (Draconian Wanderer) Turns: 1163, Time: 00:01:23

Health: 0/30       AC:  4    Str: 16    XL:     2   Next: 58%
Magic:  2/2        EV: 11    Int:  9    God:    Pakellas [......]
Gold:   47         SH:  0    Dex: 11    Spells: 0 memorised, 1 level left

rFire  . . .     SeeInvis .     a - +2 spear
rCold  . . .     Gourm    .     (armour unavailable)
rNeg   . . .     Faith    .     (no shield)
rPois  .         Spirit   .     (helmet restricted)
rElec  .         Dismiss  .     (no cloak)
rCorr  .         Reflect  .     (no gloves)
SustAt .         Harm     .     (no boots)
MR     .....                    (no amulet)
Stlth  ++........               (no ring)
                                (no ring)

@: hasted, very quick, not resistant to hostile enchantments, unstealthy
A: unfitting armour, cold-blooded, AC +4
a: Renounce Religion


You were on level 2 of the Dungeon.
You worshipped Pakellas.
Pakellas was noncommittal.
You were hungry.

You visited 1 branch of the dungeon, and saw 2 of its levels.

You collected 47 gold pieces.

Inventory:

Hand Weapons
 a - a +2 spear (weapon)
 d - a +0 dagger
Scrolls
 c - 5 scrolls of teleportation
 j - a scroll of amnesia {unknown}
 k - 2 scrolls of enchant weapon {unknown}
 m - a scroll of random uselessness {unknown}
Potions
 b - 2 potions of lignification
 g - a potion of magic {unknown}
Comestibles
 f - 2 bread rations
 h - a meat ration
 i - a slice of pizza
 l - 7 fruits


   Skills:
 + Level 5.6 Fighting
 * Level 1.0 Polearms
 - Level 1.2 Throwing
 + Level 0.8 Dodging
 - Level 2.6 Stealth
   Level 1.0 Shields
 * Level 0.4 Evocations


You had one spell level left.
You didn't know any spells.

Dungeon Overview and Level Annotations

Branches:
Dungeon (2/15)

Altars:
Pakellas


Innate Abilities, Weirdness & Mutations

Your plain brown scales are hard (AC +4).
Your body does not fit into most forms of armour.
You are cold-blooded and may be slowed by cold attacks.


Message History

The orc priest is lightly wounded.
The orc priest closely misses you.
You completely miss the orc priest.
The orc priest is lightly wounded.
The orc priest invokes the aid of Beogh against you.
Pain shoots through your body!
You hit the orc priest.
The orc priest is moderately wounded.
The orc priest hits you.
You hit the orc priest but do no damage.
The orc priest is moderately wounded.
The orc priest mumbles some strange prayers to Beogh against you.
Pain shoots through your body!
* * * LOW HITPOINT WARNING * * *
You are too injured to fight recklessly!
You are too injured to fight recklessly!
You are too injured to fight recklessly!
Drink which item? (? for menu, Esc to quit)
It was a potion of haste.
You feel yourself speed up. The orc priest hits you.
You die...

#.......# ##...##
#..####.# ##.....##
#..#.##.# #.......#
##....<#.##.........
>...>......+.........
###.#...#.##.........
#w#..##.###.......#
#.o.....# ##.....##
#.@..#### ##...##
#....# ##+# #....#
..# ##[### #.# #.# ##
#.# #.# #.#####. #.#
#####..#.#.# #.#
#.......#.##
#.#####.##...###.#


You could see a worm and an orc priest.

Vanquished Creatures
  A worm (D:2)
  A giant gecko (D:2)
  A goblin (D:1)
  A hobgoblin (D:1)
  3 kobolds
  4 bats
  5 rats
16 creatures vanquished.

Notes
Turn   | Place    | Note
--------------------------------------------------------------
     0 | D:1      | namelastname112 the Draconian Wanderer began the quest for the Orb.
     0 | D:1      | namelastname112 set off with: a +2 spear, a potion of lignification, a scroll of teleportation, a +0 dagger, a bread ration
     0 | D:1      | Reached XP level 1. HP: 23/23 MP: 1/1
   470 | D:1      | Reached XP level 2. HP: 29/29 MP: 2/2
   934 | D:2      | Found an oddly glowing altar of Pakellas.
  1017 | D:2      | Became a worshipper of Pakellas the Inventive
  1032 | D:2      | Reached skill level 1 in Polearms
  1163 | D:2      | Slain by an orc priest

Vault maps used:
D:1:      lightli_arrival_chessboard, minivault_11
D:2:      minitemple, first_bread, grunt_pakellas_basics

Action                   || total
-------------------------++-------
Melee: Spear             ||    47
  Use: Potion            ||     1
 Stab: Sleeping          ||     5
